 Dungeon Crawl Stone Soup version 0.30-a0-883-g5ad918d77d (webtiles) character file.

Game seed: 7425239029905286082

87711 Lobster4 the Fighter (level 16, -23/124 HPs)
             Began as a Djinni Hedge Wizard on Mar 15, 2023.
             Was the Champion of Nemelex Xobeh.
             Killed from afar by a white draconian (73 damage)
             ... with a blast of cold
             ... in an ice cave on Mar 16, 2023.
             The game lasted 02:01:24 (28237 turns).

Lobster4 the Fighter (Djinni Hedge Wizard)         Turns: 28237, Time: 02:01:24

Health: -23/124    AC:  6    Str: 11    XL:     16   Next: 38%
Gold:   2309       EV: 17    Int: 32    God:    Nemelex Xobeh [******] SH:  6 Dex: 14

rFire   + + .      SeeInvis +    r - +2 short sword "Ryawypp" {freeze, Str+4 Int+3}
rCold   x . .      Faith    .    b - +0 buckler
rNeg    + . .      Spirit   .    s - +0 robe of True Grit {rN+ Str-2 SInv}
rPois   ∞          Reflect  .    F - +0 helmet
rElec   .          Rampage  .    N - scarf {repulsion}
rCorr   +                        L - +1 pair of gloves
Will    +....                    (boots unavailable)
Stlth   ++                       t - amulet of regeneration
HPRegen 1.20/turn                B - +6 ring of intelligence
MPRegen 0.00/turn                z - ring of resist corrosion

@: flying, repel missiles
A: sickness immunity, fire resistance 2, cold vulnerability 1, float, innate
caster, HP casting, extra vitality 1
a: Renounce Religion, Draw Escape, Draw Destruction, Draw Summoning, Triple
Draw, Deal Four, Stack Five


You were in an ice cave.
You worshipped Nemelex Xobeh.
Nemelex Xobeh was exalted by your worship.
You visited 5 branches of the dungeon, and saw 23 of its levels.
You also visited: Sewer, Ossuary and Ice Cave.

You collected 2594 gold pieces.
You spent 285 gold pieces at shops.

Inventory:

Hand Weapons
 r - the +2 short sword "Ryawypp" (weapon) {freeze, Str+4 Int+3}
   (You found it on level 2 of the Dungeon)

   Str:       It affects your strength (+4).
   Int:       It affects your intelligence (+3).
 A - a +0 sling
Missiles
 m - a curare-tipped dart
 o - 29 poisoned darts (quivered)
 O - a throwing net
Armour
 a - a +2 ring mail of willpower
 b - a +0 buckler (worn)
 l - a +2 ring mail of positive energy
 s - the +0 robe of True Grit (worn) {rN+ Str-2 SInv}
   (You bought it in a shop on level 9 of the Dungeon)

   Str:       It affects your strength (-2).
   rN:        It protects you from negative energy.
   SInv:      It lets you see invisible.
 E - the +1 robe of Intercession {rC+ Archmagi}
   (You found it on level 6 of the Dungeon)

   rC:        It protects you from cold.
   Archmagi:  It increases the power of your magical spells.
 F - a +0 helmet (worn)
 L - a +1 pair of gloves (worn)
 N - a scarf of repulsion (worn)
 T - a +2 robe of willpower
 V - a +0 troll leather armour
Magical Staves
 I - a staff of cold
Jewellery
 t - an amulet of regeneration (around neck)
 z - a ring of resist corrosion (right hand)
 B - a +6 ring of intelligence (left hand)
 Z - an amulet of reflection
Wands
 p - a wand of flame (29)
 S - a wand of mindburst (11)
 Y - a wand of paralysis (11)
Scrolls
 g - 4 scrolls of enchant weapon
 w - 6 scrolls of identify
 x - a scroll of poison
 y - 6 scrolls of teleportation
 K - 2 scrolls of silence
 M - a scroll of fog
 U - a scroll of magic mapping
Potions
 e - 4 potions of lignification
 h - 6 potions of curing
 j - 4 potions of mutation
 k - 2 potions of heal wounds
 n - 4 potions of resistance
 q - a potion of ambrosia
 u - 4 potions of might
 v - 3 potions of haste
 G - 5 potions of brilliance
 H - a potion of cancellation
 J - 2 potions of invisibility
 Q - 3 potions of berserk rage
Miscellaneous
 D - a box of beasts (inert)


   Skills:
 + Level 14.6 Fighting
 - Level 4.0 Short Blades
 - Level 2.0 Throwing
 + Level 10.7 Armour
 + Level 11.3 Dodging
 - Level 3.0 Stealth
 + Level 7.8 Shields
 + Level 11.7 Spellcasting
 + Level 7.2 Invocations
 - Level 3.0 Evocations


You knew the following spells:

 Your Spells              Type           Power      Damage    Failure   Level
a - Magic Dart            Conj           100%       1d8       1%          1
b - Searing Ray           Conj           100%       2d8       1%          2
c - Freeze                Ice            100%       1d10      1%          1
d - Slow                  Hex            100%       N/A       1%          1
e - Call Imp              Summ           76%        N/A       1%          2
f - Mephitic Cloud        Conj/Pois/Air  76%        N/A       1%          3
g - Vhi's Electric Charg  Tloc/Air       100%       N/A       1%          3
h - Confusing Touch       Hex            76%        N/A       1%          3
i - Animate Armour        Summ/Erth      100%       N/A       1%          4
j - Summon Forest         Summ/Tloc      38%        N/A       1%          5
k - Simulacrum            Ice/Necr       38%        N/A       3%          6
z - Blink                 Tloc           100%       N/A       1%          2
Your spell library was empty.

Dungeon Overview and Level Annotations

Branches:
Dungeon (14/15)            Temple (1/1) D:4            Lair (5/5) D:8
 Shoals (0/4) Lair:3       Spider (1/4) Lair:2        Slime (0/5) Lair:4
    Orc (2/2) D:9             Elf (0/3) Orc:2        Vaults (0/5) D:13
  Sewer (visited)         Ossuary (visited)           IceCv (1/1)

Altars:
Ashenzari
Cheibriados
Dithmenos
Elyvilon
Fedhas
Gozag
Hepliaklqana
Makhleb
Nemelex Xobeh
Okawaru
Qazlal
Ru
Trog
Uskayaw
Wu Jian
Xom
Yredelemnul
Zin
The Shining One

Shops:
D:9 [   D:13 (   Orc:1 !   Orc:2 ![(:

Annotations:
D:2 1 runed translucent door, Crazy Yiuf
D:5 2 runed translucent doors, cforsyth's ghost, amateur BaFi
Lair:5 exclusion: obsidian statue IceCv exclusion: orange crystal statue


Innate Abilities, Weirdness & Mutations

You are immune to sickness and miasma.
You are immune to poison.
Your flesh is very heat resistant. (rF++)
You are vulnerable to cold. (rC-)
You float through the air rather than walking.
You learn spells naturally, not from books.
Your magical power is your life essence.
You have superior vitality. (+4 MHP)


Message History

You hear a roar.
A blast of cold appears from out of thin air!
The blast of cold misses you.
You continue putting on the +0 robe of True Grit {rN+ Str-2 SInv}.
Space becomes stable.
Something hits you! Something freezes you.
You continue putting on the +0 robe of True Grit {rN+ Str-2 SInv}.
Something hits you! Something freezes you!
You continue putting on the +0 robe of True Grit {rN+ Str-2 SInv}.
Something hits you. Something freezes you.
You finish putting on the +0 robe of True Grit {rN+ Str-2 SInv}.
Reactivating autopickup.
You feel weaker.
Casting: Summon Forest (mildly dangerous; 1% risk of failure)
Confirm with . or Enter, or press ? or * to list all spells.
You need more open space to fit a forest.
Unknown command.
Aiming: Quicksilver Bolt
Press: ? - help, Shift-Dir - straight line, f - white draconian
Aim: a white draconian, wielding a +1 scimitar of freezing and wearing a +1 cloak (heavily wounded, slightly transparent, 74% to hit)
The bolt of dispelling energy hits the white draconian!
The white draconian is severely wounded.
The white draconian's magical effects unravel!
The white draconian barely misses you.
Aiming: Quicksilver Bolt
Press: ? - help, Shift-Dir - straight line, f/p - white draconian
Aim: a white draconian, wielding a +1 scimitar of freezing and wearing a +1 cloak (severely wounded, 74% to hit)
The bolt of dispelling energy hits the white draconian.
The white draconian is severely wounded.
You block the white draconian's attack.
Aiming: Quicksilver Bolt
Press: ? - help, Shift-Dir - straight line, f/p - white draconian
Aim: a white draconian, wielding a +1 scimitar of freezing and wearing a +1 cloak (severely wounded, 74% to hit)
The bolt of dispelling energy hits the white draconian!
The white draconian is almost dead.
The now-empty wand crumbles to dust.
The white draconian breathes frost at you.
The blast of cold hits you!!!!
You feel a terrible chill!
Ouch! That really hurt!
You die...
Your body glows with a rainbow of weird colours and disappears.

##{..###.#.♣# ##.##
#.#.♣# ### ##[..# #♣..♣♣#
###♣ ♣#....# ##..## #♣##
♣...÷.♣
##..÷.#####..##♣♣.~..♣
#.....÷÷##....#♣~~≈~♣♣#..
#.∩.∩.÷÷@d..#...~~≈~♣ ...
#...÷...÷..##♣♣.~~≈~##...
##....##..## ###...♣.....
##..###### ♣♣..♣.....
#### #........♣
#♣..♣....♣ ##.....##
##....# ##..##


You could see a white draconian (catching breath).

Vanquished Creatures
  A broodmother (Spider:1)
  A dire elephant (Lair:5)
  A hydra (Lair:4)
  An ironbound frostheart (IceCv)
  A centaur warrior (D:12)
  3 two-headed ogres
  4 boulder beetles
  A tengu warrior (D:13)
  An orc high priest (Orc:2)
  Urug (D:13)
  A spectral anaconda (Lair:5)
  A glowing orange brain (Lair:2)
  A lindwurm (Lair:2)
  A necromancer (Lair:5)
  A harpy (Lair:3)
  Pikel (D:6)
  3 ugly things
  An orc sorcerer (Orc:1)
  4 deep elf pyromancers
  A cyclops (D:11)
  2 manticores
  6 elephants
  5 black mambas
  An unseen horror (D:12)
  6 cane toads
  A kobold demonologist (D:10)
  3 komodo dragons
  4 rime drakes
  2 polar bears
  A hornet (D:11)
  5 trolls
  Prince Ribbit (D:9)
  3 dream sheep (Lair:4)
  14 blink frogs
  A jumping spider (Spider:1)
  2 slime creatures (D:13)
  2 shadows
  A wraith (D:8)
  3 wyverns
  2 hogs (D:13)
  2 humans (D:13)
  4 basilisks
  24 yaks
  A death yak simulacrum (Lair:5)
  A steam dragon (D:8)
  2 redbacks (Lair:2)
  An acid dragon (D:14)
  7 water moccasins
  6 orc warriors
  3 sky beasts
  A black bear (Lair:1)
  3 ice beasts
  2 ogres
  6 wolves (Lair:3)
  8 centaurs
  An elephant skeleton (Lair:5)
  A phantom (D:5)
  6 bullfrogs
  A kobold brigand (D:9)
  3 gnoll sergeants
  A scorpion (D:6)
  4 wights (D:7)
  11 killer bees (D:7)
  An electric eel (D:7)
  2 howler monkeys
  4 hounds
  3 jellies
  3 gnoll boudas
  18 orc priests
  Jessica (D:2)
  7 iguanas
  Ijyb (D:5)
  Natasha (thrice) (D:2)
  2 sleepcaps (D:5)
  12 orc wizards
  4 hell rats (Lair:4)
  9 mummies
  12 adders
  24 gnolls
  A river rat (Sewer)
  2 shadow imps
  A white imp (D:4)
  3 worms
  3 dart slugs
  71 orcs
  9 ball pythons
  7 bats
  5 endoplasms
  2 giant cockroaches
  A gnoll zombie (Ossuary)
  5 goblins
  8 hobgoblins
  7 jackals
  3 quokkas
  12 frilled lizards
  3 hobgoblin zombies (Ossuary)
  9 kobolds
  4 kobold zombies (Ossuary)
  12 rats
468 creatures vanquished.

Vanquished Creatures (collateral kills)
  Rupert (D:12)
  Kirke (D:13)
  3 dire elephants (Lair:5)
  3 vault guards (D:13)
  A hydra (Lair:2)
  2 ironbound frosthearts (IceCv)
  3 ice dragons (IceCv)
  2 boulder beetles (Lair:5)
  A radroach (Spider:1)
  2 two-headed ogres
  A death yak (Lair:5)
  3 orc high priests (Orc:2)
  Sonja (D:10)
  2 orb spiders (Spider:1)
  3 skysharks
  A harpy (Lair:3)
  2 necromancers (Lair:5)
  2 cyclopes
  An orc sorcerer (Orc:2)
  A manticore (D:14)
  7 ugly things
  14 elephants
  2 black mambas (Lair:5)
  A demonic crawler (Spider:1)
  2 cane toads (Lair:5)
  A dire elephant skeleton (Lair:5)
  6 rime drakes
  A tengu conjurer (D:13)
  6 komodo dragons
  3 polar bears
  A tarantella (Spider:1)
  2 trolls
  9 blink frogs
  3 dream sheep (Lair:4)
  A spectral elephant (Lair:5)
  2 jumping spiders (Spider:1)
  2 slime creatures (D:13)
  A jumping spider (shapeshifter) (D:14)
  13 yaks
  5 wyverns
  2 humans (D:13)
  Grum (Lair:4)
  5 basilisks
  4 redbacks (Spider:1)
  6 wargs
  2 acid dragons
  4 water moccasins
  8 orc warriors
  2 elephant zombies (Lair:5)
  A black bear (D:8)
  2 elephant skeletons (Lair:5)
  A bullfrog (Lair:1)
  An elephant simulacrum (Lair:5)
  20 orc priests
  8 orc wizards
  5 hell rats (Lair:4)
  5 gnolls
  42 orcs
  A quokka (D:2)
238 creatures vanquished.

Vanquished Creatures (others)
  A vault guard (D:13)
  4 humans (D:13)
  2 bushes
  49 fungi
  98 plants
  23 snaplasher vines
  30 withered plants (Lair:5)
207 creatures vanquished.

Grand Total: 913 creatures vanquished

Notes
Turn   | Place    | Note
-------+----------+-------------------------------------------
     0 | D:1      | Lobster4 the Djinni Hedge Wizard began the quest for the
                  | Orb.
     0 | D:1      | Lobster4 set off with the following spells memorised: Magic
                  | Dart, Slow, Blink, Call Imp, Mephitic Cloud.
     0 | D:1      | Reached XP level 1. HP: 15/15 MP: 0/0
   151 | D:1      | Reached XP level 2. HP: 20/22 MP: 0/0
   473 | D:1      | Reached XP level 3. HP: 23/26 MP: 0/0
   473 | D:1      | Learned a level 1 spell: Freeze
   627 | D:1      | Reached skill level 1 in Fighting
  1037 | D:2      | Found a runed translucent door.
  1038 | D:2      | Noticed Crazy Yiuf
  1143 | D:2      | Reached skill level 1 in Armour
  1157 | D:2      | Noticed Jessica
  1164 | D:2      | Killed Jessica
  1165 | D:2      | Reached XP level 4. HP: 10/32 MP: 0/0
  1286 | D:2      | Reached skill level 1 in Short Blades
  1368 | D:2      | Identified the +2 short sword "Ryawypp" {freeze, Str+4
                  | Int+3}
  1532 | D:2      | Noticed Natasha
  1539 | D:2      | Killed Natasha
  1540 | D:2      | Reached XP level 5. HP: 28/37 MP: 0/0
  1540 | D:2      | Learned a level 2 spell: Searing Ray
  1654 | D:2      | Noticed Natasha
  1665 | D:2      | Killed Natasha
  1815 | D:2      | Noticed Natasha
  1827 | D:2      | Killed Natasha
  2067 | D:3      | Found a faded altar of an unknown god.
  2224 | D:3      | Reached skill level 2 in Fighting
  2224 | D:3      | Reached skill level 1 in Shields
  2224 | D:3      | Reached XP level 6. HP: 37/43 MP: 0/0
  2286 | D:3      | You are sucked into a shaft and drop 1 floor!
  2371 | D:4      | Found a glowing drain.
  2382 | Sewer    | Entered a sewer
  3771 | D:4      | Found a staircase to the Ecumenical Temple.
  3777 | Temple   | Entered the Ecumenical Temple
  3977 | Temple   | Became a worshipper of Nemelex Xobeh the Trickster
  4381 | D:5      | Entered Level 5 of the Dungeon
  4535 | D:5      | Reached XP level 7. HP: 43/49 MP: 0/0
  4535 | D:5      | Learned a level 3 spell: Vhi's Electric Charge
  4800 | D:5      | Noticed Ijyb
  4853 | D:5      | Reached * piety under Nemelex Xobeh
  4976 | D:5      | Reached skill level 1 in Evocations
  4996 | D:5      | Found a stormy altar of Qazlal.
  5070 | D:5      | Reached skill level 1 in Invocations
  5072 | D:5      | Reached skill level 1 in Throwing
  5193 | D:5      | Found a large runed translucent door.
  5193 | D:5      | Found a large runed translucent door.
  5197 | D:5      | Noticed cforsyth's ghost (amateur BaFi)
  5342 | D:5      | Reached XP level 8. HP: 49/55 MP: 0/0
  5887 | D:6      | Received a gift from Nemelex Xobeh
  5896 | D:6      | Reached skill level 3 in Fighting
  6438 | D:6      | Identified the +1 robe of Intercession {rC+ Archmagi}
  6749 | D:6      | Noticed Pikel
  6759 | D:6      | Killed Pikel
  6760 | D:6      | Reached skill level 5 in Dodging
  6760 | D:6      | Reached XP level 9. HP: 51/62 MP: 0/0
  6760 | D:6      | Learned a level 3 spell: Confusing Touch
  6938 | D:6      | Received a gift from Nemelex Xobeh
  6950 | D:5      | Killed Ijyb
  7277 | D:6      | Found a snail-covered altar of Cheibriados.
  7375 | D:7      | Reached skill level 4 in Fighting
  7512 | D:7      | Found an opulent altar of Gozag.
  7635 | D:7      | Found a sand-covered staircase.
  7646 | Ossuary  | Entered an ossuary
  7873 | Ossuary  | Reached ** piety under Nemelex Xobeh
  8480 | D:7      | Reached XP level 10. HP: 56/69 MP: 0/0
  8579 | D:7      | Reached skill level 5 in Armour
  8743 | D:7      | Reached skill level 5 in Fighting
  8935 | D:7      | Reached skill level 5 in Shields
  9042 | D:7      | Identified the +4 quarterstaff of Reinforcement {speed,
                  | Int+2}
  9052 | D:7      | Noticed a komodo dragon
  9324 | D:7      | Found an ornate altar of the Wu Jian Council.
  9914 | D:8      | Received a gift from Nemelex Xobeh
  9941 | D:8      | Reached skill level 5 in Spellcasting
 10034 | D:8      | Noticed a komodo dragon
 10041 | D:8      | Killed a komodo dragon
 10053 | D:8      | Found a staircase to the Lair.
 10201 | D:8      | Noticed a manticore
 10207 | D:8      | Noticed a deep elf pyromancer
 10215 | D:8      | Killed a manticore
 10216 | D:8      | Reached skill level 6 in Fighting
 10247 | D:8      | Killed a deep elf pyromancer
 10736 | D:9      | Noticed Prince Ribbit
 10745 | D:9      | Killed Prince Ribbit
 10746 | D:9      | Reached XP level 11. HP: 64/78 MP: 0/0
 10746 | D:9      | Learned a level 4 spell: Animate Armour
 10973 | D:9      | Found Yqiul's Antique Armour Emporium.
 10975 | D:9      | Noticed a two-headed ogre
 11025 | D:9      | Killed a two-headed ogre
 11026 | D:9      | Reached skill level 7 in Fighting
 11168 | D:9      | Bought an ominously black robe for 159 gold pieces
 11168 | D:9      | Identified the +0 robe of True Grit {rN+ Str-2 SInv} (You
                  | bought it in a shop on level 9 of the Dungeon)
 11172 | D:9      | Bought a pair of gloves for 126 gold pieces
 11678 | D:9      | Reached skill level 8 in Fighting
 11741 | D:9      | Reached *** piety under Nemelex Xobeh
 11772 | D:9      | Found a staircase to the Orcish Mines.
 11980 | D:10     | Entered Level 10 of the Dungeon
 12014 | D:10     | Noticed a two-headed ogre
 12062 | D:10     | Noticed a two-headed ogre
 12411 | Lair:1   | Entered Level 1 of the Lair of Beasts
 12441 | Lair:1   | Received a gift from Nemelex Xobeh
 12963 | Lair:1   | Received a gift from Nemelex Xobeh
 13010 | Lair:1   | Reached **** piety under Nemelex Xobeh
 13657 | Lair:1   | Noticed a boulder beetle
 13672 | Lair:1   | Killed a boulder beetle
 13673 | Lair:1   | Reached skill level 9 in Fighting
 13673 | Lair:1   | Reached XP level 12. HP: 46/89 MP: 0/0
 14267 | Lair:2   | Noticed a skyshark
 14269 | Lair:2   | a skyshark changed into a glowing orange brain
 14269 | Lair:2   | Noticed a glowing orange brain
 14274 | Lair:2   | Killed a glowing orange brain
 14284 | Lair:2   | Received a gift from Nemelex Xobeh
 14451 | Lair:2   | Found a hole to the Spider Nest.
 14688 | Lair:2   | Noticed a four-headed hydra
 14712 | Lair:2   | Killed a four-headed hydra
 16249 | Lair:3   | Reached skill level 10 in Fighting
 16735 | Lair:3   | Received a gift from Nemelex Xobeh
 16737 | Lair:3   | Found a staircase to the Shoals.
 16835 | Lair:3   | Reached XP level 13. HP: 88/96 MP: 0/0
 16835 | Lair:3   | Learned a level 5 spell: Summon Forest
 17670 | Lair:4   | Found a staircase to the Slime Pits.
 17706 | Lair:4   | Noticed a five-headed hydra
 17712 | Lair:4   | Killed a five-headed hydra
 17713 | Lair:4   | Reached skill level 5 in Invocations
 17765 | Lair:4   | Reached ***** piety under Nemelex Xobeh
 17934 | Lair:4   | Reached skill level 11 in Fighting
 17983 | Lair:4   | Reached skill level 10 in Dodging
 18058 | Lair:4   | Noticed Grum
 18075 | Lair:4   | Killed Grum
 18454 | Lair:5   | Entered Level 5 of the Lair of Beasts
 18522 | Lair:5   | Reached XP level 14. HP: 45/105 MP: 0/0
 18682 | Lair:5   | Reached skill level 10 in Armour
 18807 | Lair:5   | Reached skill level 12 in Fighting
 18989 | Lair:5   | Received a gift from Nemelex Xobeh
 19086 | Lair:5   | Noticed a dire elephant
 19086 | Lair:5   | Noticed a dire elephant
 19097 | Lair:5   | Received a gift from Nemelex Xobeh
 19287 | Lair:5   | Received a gift from Nemelex Xobeh
 19321 | Lair:5   | Reached skill level 10 in Spellcasting
 19689 | Lair:5   | Noticed a dire elephant
 19702 | Lair:5   | Killed a dire elephant
 19739 | Lair:5   | Noticed a dire elephant
 19768 | Lair:5   | Killed a dire elephant
 20527 | Lair:5   | Killed a dire elephant
 20620 | Lair:5   | Reached skill level 13 in Fighting
 20620 | Lair:5   | Killed a dire elephant
 21236 | Orc:1    | Entered Level 1 of the Orcish Mines
 21295 | Orc:1    | Received a gift from Nemelex Xobeh
 21434 | Orc:2    | Entered Level 2 of the Orcish Mines
 21753 | Orc:2    | Reached XP level 15. HP: 110/115 MP: 0/0
 21753 | Orc:2    | Learned a level 6 spell: Simulacrum
 22028 | Orc:1    | Received a gift from Nemelex Xobeh
 22256 | Orc:1    | Found Ifesmaz's Distillery.
 22772 | Orc:2    | Reached ****** piety under Nemelex Xobeh
 22833 | Orc:2    | Found Liryleum's Distillery.
 22833 | Orc:2    | Found Lalil's Antique Armour Shoppe.
 23005 | Orc:2    | Found a staircase to the Elven Halls.
 23021 | Orc:2    | Found Lunig's Book Shoppe.
 23021 | Orc:2    | Found Qoilapae's Weapon Shop.
 23272 | D:10     | Noticed Sonja
 23281 | D:10     | Killed Sonja
 23346 | D:10     | Received a gift from Nemelex Xobeh
 23582 | D:10     | Found a broken altar of Ashenzari.
 23654 | D:10     | Found a shadowy altar of Dithmenos.
 24098 | D:11     | Received a gift from Nemelex Xobeh
 24471 | D:11     | Reached skill level 14 in Fighting
 24914 | D:12     | Noticed Rupert
 24954 | D:12     | Paralysed by Rupert for 4 turns
 24962 | D:12     | Killed Rupert
 24989 | D:12     | Found a hide-covered altar of Uskayaw.
 25074 | D:12     | Received a gift from Nemelex Xobeh
 25725 | D:13     | Found Itatotuh's Weapon Boutique.
 25806 | D:13     | Received a gift from Nemelex Xobeh
 26221 | D:13     | Noticed Urug
 26226 | D:13     | Killed Urug
 26491 | D:13     | Received a gift from Nemelex Xobeh
 26671 | D:13     | Found a gate to the Vaults.
 26784 | D:13     | Noticed Kirke
 26798 | D:13     | Killed Kirke
 27276 | D:14     | Received a gift from Nemelex Xobeh
 27476 | D:14     | Reached XP level 16. HP: 124/124 MP: 0/0
 27702 | Spider:1 | Entered Level 1 of the Spider Nest
 27790 | Spider:1 | Found a frozen archway.
 27809 | IceCv    | Entered an ice cave
 28237 | IceCv    | Killed from afar by a white draconian

Illustrated notes

Levels and vault maps discovered:
D:1:      saegor_arrival_miasma, layout_basic
D:2:      layout_basic, uniq_natasha, uniq_jessica, uniq_crazy_yiuf_cottage
D:3:      layout_basic, ebering_ecumenical_altar_webs, minmay_quantized
D:4:      layout_loops_cross, lemuel_coloured_pillars_altar,
          minmay_temple_entry_ruins, cheibrodos_sewer_entry_drain
D:5:      layout_cave_pods, mainiacjoe_overflow_alcove_2,
          ebering_ghost_disaster_area, uniq_ijyb
D:6:      layout_loops_ring, slow_altar_2, uniq_pikel
D:7:      layout_loops_ring, mainiacjoe_overflow_alcove_4, grunt_gozag_statues,
          gup_ossuary_entry_pyramid, serial_bayou_ford_a, minmay_lizard_king
D:8:      layout_cave_pools, david_lair_shrubbed, st_stairs_4, minmay_radiant
D:9:      layout_basic, david_orc_2, serial_shops, shop_statue,
          uniq_prince_ribbit1
D:10:     layout_irregular_city, grunt_dithmenos_smoke_and_mirrors,
          nicolae_ashenzari_skybound, uniq_sonja
D:11:     layout_loops_ring
D:12:     layout_roguey, nicolae_uskayaw_murder_on_the_dancefloor, uniq_rupert
D:13:     layout_loops_corners, ximxim_vaults_locker_room, serial_shops,
          nicolae_shop_bloodbath_and_beyond, uniq_kirke, uniq_urug
D:14:     layout_loops_ring, serial_co_window_serial, co_window_corner_a,
          co_window_of_opportunity_a, co_window_paths_a, co_window_paths_a,
          co_window_paths_b, co_window_corner_a, co_window_corner_cb,
          co_window_corner_cb, co_window_2corner, co_window_cross_4,
          co_window_paths_c, co_window_4corner_a, co_window_4corner_b,
          nicolae_elevator_lobby_asterisk, special_room [special_room_orc]
Temple:   bh_familiar_temple
Lair:1:   layout_big_grid, grunt_megastairs_3, infiniplex_staircase_pool_2
Lair:2:   layout_roguey, spider_nest_entry_webs,
          nicolae_volcano_entry_vermiform, nicolae_lair_lil_pond
Lair:3:   layout_loops_ring, nicolae_shoals_entry_roost
Lair:4:   beargit_carnivore_pack, layout_cave_shapes, slime_entry_1,
          special_room [special_room_mythical_zoo], serial_bayou_shore_b,
          lemuel_fruit_tree, grunt_megastairs_1
Lair:5:   due_jungle_book, layout_regular_city, chequers_serial_rivers_small_b
Spider:1: nicolae_spider_hilbert_zone_1 [nicolae_spider_hilbert_4_sides_1_open,
          nicolae_spider_hilbert_4_sides_1_open,
          nicolae_spider_hilbert_4_sides_1_open,
          nicolae_spider_hilbert_4_sides_1_open,
          nicolae_spider_hilbert_3_sides_1_open,
          nicolae_spider_hilbert_3_sides_1_open,
          nicolae_spider_hilbert_3_sides_1_open,
          nicolae_spider_hilbert_3_sides_1_open,
          nicolae_spider_hilbert_3_sides_1_open,
          nicolae_spider_hilbert_6_sides_1_open,
          nicolae_spider_hilbert_6_sides_1_open,
          nicolae_spider_hilbert_3_sides_1_open,
          nicolae_spider_hilbert_3_sides_1_open,
          nicolae_spider_hilbert_3_sides_1_open,
          nicolae_spider_hilbert_3_sides_1_open,
          nicolae_spider_hilbert_2_sides_1_open],
          portal_ice_cave_entry_pillars_four
Orc:1:    layout_caves, serial_shops, nicolae_diamond_shop,
          nicolae_orc_flooded_monolith
Orc:2:    st_orc_town, layout_caves
IceCv:    ice_cave_small_giant

Skill      XL: |  1  2  3  4  5  6  7  8  9 10 11 12 13 14 15 16 |
---------------+-------------------------------------------------+-----
Fighting       | 1 2 3 4 6 9 10 11 13 14 | 14.6
Armour         | 1 2 3 4 6 7 8 9 10 | 10.7
Stealth        | 2 3 |  3.0
Short Blades   | 1 2 3 4 |  4.0
Dodging        | 3 4 5 6 7 8 10 11 | 11.3
Shields        | 1 2 3 4 6 7 |  7.8
Spellcasting   | 3 4 5 7 8 9 10 11 | 11.7
Evocations     | 1 3 |  3.0
Invocations    | 1 2 3 5 6 7 |  7.2
Throwing       | 1 2 |  2.0

Action                     |  1- 3 |  4- 6 |  7- 9 | 10-12 | 13-15 | 16-18 || total
---------------------------+-------+-------+-------+-------+-------+-------++-------
  Melee: Dagger            |     8 |    23 |       |       |       |       ||    31
         Punch             |     1 |     1 |       |       |       |       ||     2
         Short sword       |       |     6 |    20 |    56 |   251 |     7 ||   340
  Throw: Dart              |       |     1 |       |    29 |    23 |     2 ||    55
         Throwing net      |       |       |     3 |       |     1 |       ||     4
   Cast: Magic Dart        |    71 |   107 |   127 |   131 |   102 |     3 ||   541
         Call Imp          |       |     4 |     3 |    10 |    79 |    10 ||   106
         Searing Ray       |       |    21 |    73 |   162 |   198 |    12 ||   466
         Slow              |       |     1 |     6 |    24 |    23 |       ||    54
         Mephitic Cloud    |       |       |     2 |    20 |    24 |     2 ||    48
         Vhi's Electric Ch |       |       |       |     4 |    12 |     2 ||    18
         Animate Armour    |       |       |       |     8 |   126 |    13 ||   147
         Summon Forest     |       |       |       |       |    47 |    11 ||    58
         Freeze            |       |       |       |       |    32 |       ||    32
         Blink             |       |       |       |       |     6 |       ||     6
         Simulacrum        |       |       |       |       |    20 |       ||    20
 Invoke: Draw Destruction  |       |       |       |     5 |     3 |       ||     8
  Evoke: Wand              |       |       |     5 |     9 |     7 |     3 ||    24
         Box of beasts     |       |       |       |       |     1 |     1 ||     2
    Use: Scroll            |       |     6 |     7 |    14 |    10 |     3 ||    40
         Potion            |       |       |       |     3 |     3 |     5 ||    11
   Stab: Distracted        |       |       |       |     1 |     6 |     1 ||     8
         Confused          |       |       |       |       |     1 |       ||     1
 Armour: Robe              |     1 |     3 |    17 |    30 |    11 |     3 ||    65
         Ring mail         |       |       |       |    12 |   135 |       ||   147
         Skin              |       |       |       |     8 |     2 |       ||    10
         Troll leather arm |       |       |       |       |    22 |       ||    22
  Dodge: Dodged            |     8 |    35 |    48 |   122 |   372 |    15 ||   600
         Repelled          |       |       |       |       |     4 |     3 ||     7
  Block: Buckler           |       |       |    12 |    47 |   139 |     6 ||   204

Table legend: (Time is in decaauts)
 A = Elapsed time spent in this place.
 B = Non-inter-level travel time spent in this place.
 C = Inter-level travel time spent in this place.
 D = Time resting spent in this place.
 E = Time spent auto-exploring this place.
 F = Levels seen in this place.
 G = Mean time per level.
                   A        B        C        D        E       F      G
               +--------+--------+--------+--------+--------+-----+--------+
         Total |  28187 |  26885 |   1302 |   3964 |  16026 |  26 | 1084.1 |
       Dungeon |  15883 |  15116 |    767 |   1700 |  10316 |  14 | 1134.5 |
        Temple |    213 |    167 |     46 |      0 |    160 |   1 |  213.0 |
          Lair |   8776 |   8368 |    408 |   1787 |   4090 |   5 | 1755.2 |
   Spider Nest |    106 |    106 |      0 |      0 |      0 |   1 |  106.0 |
  Orcish Mines |   1901 |   1821 |     80 |    255 |    876 |   2 |  950.5 |
         Sewer |    467 |    467 |      0 |     76 |    282 |   1 |  467.0 |
       Ossuary |    410 |    410 |      0 |     56 |    230 |   1 |  410.0 |
      Ice Cave |    428 |    428 |      0 |     89 |     72 |   1 |  428.0 |
               +--------+--------+--------+--------+--------+-----+--------+

Top non-repeatable levels by time:
  Lair:5: 2500 daAuts
  Lair:3: 1812 daAuts
     D:5: 1693 daAuts
  Lair:1: 1658 daAuts
     D:7: 1596 daAuts
     D:9: 1538 daAuts
  Lair:2: 1466 daAuts
  Lair:4: 1339 daAuts
    D:13: 1298 daAuts
     D:6: 1296 daAuts
     D:8: 1275 daAuts
   Orc:2: 1119 daAuts
     D:2: 1073 daAuts
    D:10: 1030 daAuts
     D:1: 988 daAuts
